 Dungeon Crawl Stone Soup version 0.29-a0-380-gf50f0a9fbc (console) character file.

Game seed: 3041776745374098177

5 zeyva the Grave Robber (level 1, -2/15 HPs)
             Began as a Formicid Wanderer on May 5, 2022.
             Slain by a kobold
             ... wielding a +0 short sword
              (3 damage)
             ... on level 1 of the Dungeon.
             The game lasted 00:00:56 (416 turns).

zeyva the Grave Robber (Formicid Wanderer)           Turns: 416, Time: 00:00:57

Health: -2/15      AC:  3    Str: 15 (18) XL:     1   Next: 88%
Magic:  3/3        EV: 11    Int:  8 (9)  God:
Gold:   22         SH:  0    Dex:  9 (10) Spells: 3/4 levels left

rFire   . . .      SeeInvis +   a - +0 spear
rCold   . . .      Faith    .   (no shield)
rNeg    . . .      Spirit   .   d - +0 leather armour
rPois   .          Reflect  .   (helmet unavailable)
rElec   .          Harm     .   (no cloak)
rCorr   .          Rampage  .   (no gloves)
Will    .....                   (no boots)
Stlth   +.........              (no amulet)
HPRegen 0.05/turn               (no ring)
MPRegen 0.08/turn               (no ring)

@: mighty
A: permanent stasis, dig shafts and tunnels, antennae 3, four strong arms
a: Dig, Shaft Self


You were on level 1 of the Dungeon.
You visited 1 branch of the dungeon, and saw 1 of its levels.

You collected 22 gold pieces.

Inventory:

Hand Weapons
 a - a +0 spear (weapon)
Armour
 d - a +0 leather armour (worn)
Jewellery
 g - an amulet of faith
Scrolls
 c - a scroll of fear
 h - a scroll of enchant armour {unknown}
Miscellaneous
 b - a piece from Xom's chessboard (15/15)


   Skills:
 + Level 1.5 Fighting
 - Level 2.0 Polearms
 - Level 1.0 Throwing
 - Level 2.1 Spellcasting
 - Level 3.0 Necromancy
 + Level 1.5 Evocations


You had 3 spell levels left.
You knew the following spells:

 Your Spells              Type           Power      Damage    Failure   Level
a - Animate Skeleton      Necr           10%        N/A       13%         1

Your spell library contained the following spells:

 Spells                   Type           Power      Damage    Failure   Level
 Vampiric Draining        Necr           5%         2d6       36%         3
 Dispel Undead            Necr           5%         3d7       77%         4


Dungeon Overview and Level Annotations

Branches:
Dungeon (1/15)

Altars:


Innate Abilities, Weirdness & Mutations

You cannot be hasted, slowed, berserked, paralysed or teleported.
You can dig through walls and to a lower floor.
You have a pair of large antennae on your head. (SInv)
Your four strong arms can wield two-handed weapons with a shield.


Message History

A goblin is nearby!
You closely miss the goblin. The goblin hits you but does no damage.
You closely miss the goblin. The goblin closely misses you.
You hit the goblin.
The goblin is moderately wounded.
The goblin hits you but does no damage.
You hit the goblin.
You kill the goblin!
Okay, then.
You see here a +0 dagger.
A kobold comes into view. It is wielding a +0 short sword.
The kobold shouts!
A kobold is nearby!
A kobold is nearby!
You reach to attack!
You hit the kobold but do no damage. You barely miss the kobold.
The kobold hits you with a +0 short sword.
You barely miss the kobold.
The kobold hits you with a +0 short sword.
You hit the kobold.
The kobold is moderately wounded.
The kobold hits you with a +0 short sword.
You closely miss the kobold.
The kobold is moderately wounded.
The kobold hits you with a +0 short sword.
* * * LOW HITPOINT WARNING * * *
You hit the kobold.
The kobold is heavily wounded.
The kobold hits you but does no damage.
It was a potion of might.
You feel very mighty all of a sudden. The kobold misses you.
It was a potion of degeneration.
There was something very wrong with that liquid.
You feel weakened.
You feel dopey.
You feel clumsy. The kobold barely misses you.
You completely miss the kobold.
The kobold is heavily wounded.
The kobold hits you with a +0 short sword.
You die...

{ { ## #...... {
..###.#...# #.....#...#
#.........# ######
#.........# #....#####
+.........# #.##.#....
#........######.##......
......K@......).##......
##################...###
#...# # #...### #......
...#### .#.##### ..#.
#... .. #. ####


You could see a kobold.

Vanquished Creatures
  A goblin (D:1)
  3 frilled lizards (D:1)
  A kobold (D:1)
  2 rats (D:1)
7 creatures vanquished.

Notes
Turn   | Place    | Note
-------+----------+-------------------------------------------
     0 | D:1      | zeyva the Formicid Wanderer began the quest for the Orb.
     0 | D:1      | zeyva set off with the following items: a +0 spear, a piece
                  | from Xom's chessboard (15/15), a scroll of fear, a +0
                  | leather armour; and the following spell memorised: Animate
                  | Skeleton; and the following spells available to memorise:
                  | Vampiric Draining, Dispel Undead
     0 | D:1      | Reached XP level 1. HP: 15/15 MP: 3/3
   416 | D:1      | Slain by a kobold

Illustrated notes

Levels and vault maps discovered:
D:1:      minmay_arrival_five_plusses, layout_basic, minmay_lizard_pond

Action                   || total
-------------------------++-------
Melee: Spear             ||    30
  Use: Potion            ||     2
Armor: Leather armour    ||     8
Dodge: Dodged            ||    10

Table legend: (Time is in decaauts)
 A = Elapsed time spent in this place.
 B = Non-inter-level travel time spent in this place.
 C = Inter-level travel time spent in this place.
 D = Time resting spent in this place.
 E = Time spent auto-exploring this place.
 F = Levels seen in this place.
 G = Mean time per level.
                   A        B        C        D        E       F      G
               +--------+--------+--------+--------+--------+-----+--------+
         Total |    416 |    416 |      0 |    202 |    143 |   1 |  416.0 |
       Dungeon |    416 |    416 |      0 |    202 |    143 |   1 |  416.0 |
               +--------+--------+--------+--------+--------+-----+--------+

Top non-repeatable levels by time:
     D:1: 416 daAuts
